 Dungeon Crawl Stone Soup version 0.20.1-1-g8b1a95d (webtiles) character file.

112 equalderp2856 the Covered (level 4, -5/41 HPs)
             Began as a Minotaur Fighter on Sept 6, 2017.
             Killed by divine providence
             ... invoked by an orc priest
              (13 damage)
             ... on level 3 of the Dungeon.
             The game lasted 00:01:51 (1602 turns).

equalderp2856 the Covered (Minotaur Fighter)        Turns: 1602, Time: 00:01:52

Health: -5/41      AC:  7    Str: 21    XL:     4   Next: 63%
Magic:  3/3        EV:  7    Int:  5    God:
Gold:   70         SH:  9    Dex: 10    Spells: 3/3 levels left

rFire    . . .     SeeInvis .   a - +0 war axe
rCold    . . .     Gourm    .   c - +0 shield
rNeg     . . .     Faith    .   b - +0 scale mail
rPois    .         Spirit   .   (helmet restricted)
rElec    .         Reflect  .   (no cloak)
rCorr    .         Harm     .   (no gloves)
MR       .....                  (no boots)
Stlth    ..........             (no amulet)
Regen    0.2/turn               (no ring)
MPRegen  0.1/turn               (no ring)

@: no status effects
A: retaliatory headbutt, horns 2
a: no special abilities


You were on level 3 of the Dungeon.
You were not hungry.

You visited 1 branch of the dungeon, and saw 3 of its levels.

You collected 70 gold pieces.

Inventory:

Hand Weapons
 a - a +0 war axe (weapon)
 o - a +0 hand axe of venom
Armour
 b - a +0 scale mail (worn)
 c - a +0 shield (worn)
Jewellery
 g - an uncursed ring of protection from cold {unknown}
Scrolls
 h - 6 scrolls of identify {unknown}
 i - a scroll of immolation {unknown}
 n - 2 scrolls of remove curse {unknown}
Potions
 d - a potion of might
 e - a potion of haste {unknown}
 j - 2 potions of degeneration {unknown}
 k - 2 potions of mutation {unknown}
 l - 2 potions of berserk rage {unknown}
 m - a potion of cancellation {unknown}
 r - 2 potions of curing {unknown}
Comestibles
 f - 2 bread rations
 p - 2 royal jellies
 q - a fruit


   Skills:
 + Level 4.3 Fighting
 + Level 3.6 Axes
 + Level 4.6 Armour
 + Level 0.2 Dodging
 + Level 4.5 Shields


You had 3 spell levels left.
You didn't know any spells.

Dungeon Overview and Level Annotations

Branches:
Dungeon (3/15)

Altars:
Hepliaklqana
Zin


Innate Abilities, Weirdness & Mutations

You reflexively headbutt those who attack you in melee.
You have a pair of horns on your head.


Message History

The leopard gecko hisses angrily.
An orc priest comes into view.
You see here an adder corpse.
The leopard gecko bites you but does no damage.
You hit the leopard gecko.
You kill the leopard gecko!
The orc priest begins to cast a cantrip, but forgets the words!
The orc priest mumbles some strange prayers to Beogh against you.
Pain shoots through your body!
* * * LOW HITPOINT WARNING * * *
You see here a short sword.
A worm comes into view.
The orc priest hits you but does no damage.
Your shield and scale mail prevent you from hitting the orc priest.
You headbutt the orc priest!
The orc priest is severely wounded.
You block the orc priest's attack.
The orc priest calls down the wrath of Beogh upon you.
Beogh smites you!
You die...

########
#......#
#......#
#......#
#.$....+
#......#
#......#
#..)@o.#
##†####.....
... #()..#
.w. ..
####.# . #.
####.# #.
#....# #.
#.##...# #
#. # ..#.#
#.#. .......
#.#.


You could see a worm and an orc priest.

Vanquished Creatures
  Natasha (D:3)
  4 adders
  An ooze (D:1)
  2 worms (D:2)
  2 leopard geckos
  2 orcs (D:3)
  2 giant cockroaches
  2 goblins
  5 hobgoblins
  2 quokkas (D:2)
  A ball python (D:2)
  8 bats
  3 frilled lizards
  2 kobolds
  3 rats
40 creatures vanquished.

Notes
Turn   | Place    | Note
-------+----------+-------------------------------------------
     0 | D:1      | equalderp2856 the Minotaur Fighter began the quest for the Orb.
     0 | D:1      | Reached XP level 1. HP: 19/19 MP: 0/0
   474 | D:1      | Reached XP level 2. HP: 27/27 MP: 1/1
   928 | D:2      | Found a hazy altar of Hepliaklqana.
  1047 | D:2      | Found a glowing silver altar of Zin.
  1050 | D:2      | Reached XP level 3. HP: 30/33 MP: 2/2
  1443 | D:2      | Reached XP level 4. HP: 37/40 MP: 3/3
  1573 | D:3      | Noticed Natasha
  1585 | D:3      | Killed Natasha
  1602 | D:3      | Killed from afar by an orc priest

Skill      XL: |  1  2  3 |
---------------+----------+-----
Fighting       | 4 |  4.3
Shields        | 4 |  4.5
Armour         | 4 |  4.6
Axes           | 3 |  3.6
Dodging        | |  0.2

Action                   |  1- 3 |  4- 6 || total
-------------------------+-------+-------++-------
Melee: War axe           |    80 |    16 ||    96
       Headbutt          |    11 |     3 ||    14
  Eat: Chunk             |     1 |     1 ||     2
Armor: Scale mail        |    42 |    18 ||    60
Dodge: Dodged            |    21 |    11 ||    32
Block: Shield            |    43 |    12 ||    55
